 Dungeon Crawl Stone Soup version 0.25.1-2-g60ff931df9 (webtiles) character file.

Game seed: 1509837522136773749

24 Delamore the Covered (level 3, -3/23 HPs)
             Began as a Gargoyle Fighter on Sept 1, 2020.
             Killed by divine providence
             ... invoked by an orc priest
              (11 damage)
             ... on level 2 of the Dungeon.
             The game lasted 00:00:51 (955 turns).

Delamore the Covered (Gargoyle Fighter)              Turns: 955, Time: 00:00:51

Health: -3/23      AC: 10    Str: 20    XL:     3   Next: 2%
Magic:  3/3        EV:  7    Int:  8    God:
Gold:   93         SH:  9    Dex:  9    Spells: 2/2 levels left

rFire    . . .     SeeInvis .   a - +0 flail
rCold    . . .     Gourm    .   c - +0 kite shield
rNeg     + . .     Faith    .   b - +0 scale mail
rPois    ∞         Spirit   .   (no helmet)
rElec    +         Reflect  .   (no cloak)
rCorr    .         Harm     .   (no gloves)
MR       .....                  (no boots)
Stlth    ..........             (no amulet)
HPRegen  0.07/turn              n - ring of wizardry
MPRegen  0.08/turn              (no ring)

@: no status effects
A: negative energy resistance 1, electricity resistance, unbreathing,
petrification resistance, rot immunity, AC +3
a: no special abilities


You were on level 2 of the Dungeon.
You were not hungry.

You visited 1 branch of the dungeon, and saw 2 of its levels.

You collected 93 gold pieces.

Inventory:

Hand Weapons
 a - a +0 flail (weapon)
Missiles
 e - 5 boomerangs (quivered)
Armour
 b - a +0 scale mail (worn)
 c - a +0 kite shield (worn)
Jewellery
 n - a ring of wizardry (left hand)
Scrolls
 h - 2 scrolls of noise {unknown}
 i - 2 scrolls of teleportation {unknown}
 j - 2 scrolls of fog {unknown}
 k - 2 scrolls of immolation {unknown}
 l - 2 scrolls of identify {unknown}
 m - a scroll of remove curse {unknown}
 p - a scroll of random uselessness {unknown}
Potions
 d - a potion of might
 o - a potion of haste {unknown}
Comestibles
 f - 3 rations
 g - a chunk of flesh


   Skills:
 + Level 3.6 Fighting
 * Level 2.4 Maces & Flails
 + Level 3.6 Armour
 + Level 3.6 Shields


You had 2 spell levels left.
You didn't know any spells.
Your spell library was empty.

Dungeon Overview and Level Annotations

Branches:
Dungeon (2/15)

Altars:
Makhleb


Innate Abilities, Weirdness & Mutations

You are resistant to torment.
Your stone body is resilient. (AC +3)
You are immune to poison.
You resist negative energy. (rN+)
You are resistant to electric shocks. (rElec)
You can survive without breathing.
You are immune to petrification.
You are immune to rotting.


Message History

The rat barely misses you.
You hit the rat.
You kill the rat!
The giant cockroach bites you.
You closely miss the giant cockroach. The giant cockroach bites you.
You block the giant cockroach's attack.
The orc priest begins to cast a cantrip, but forgets the words!
Your shield prevents you from hitting the giant cockroach.
You block the giant cockroach's attack.
You closely miss the giant cockroach. You block the giant cockroach's attack.
The giant cockroach barely misses you.
You sock the giant cockroach!
You kill the giant cockroach!
You have reached level 3!
Your experience leads to an increase in your attributes!
Increase (S)trength, (I)ntelligence, or (D)exterity?
You feel stronger.
The orc priest calls down the wrath of Beogh upon you.
Beogh smites you!
You die...

# # ....#.. # .# ....#..
# #.# _..... # #.. .#
....# # #.#####.## o...#
# #.......#.. ... ..
###.#...###..####†####..
................@.......
##.<....###.....)....###
#..#..####.#.......##
#.......# ##.....##
#.##..#.# ###...##
#.....#.##.# ##'##
####.......# #.#
####.#### #.# #.# ##.##


You could see an orc priest.

Vanquished Creatures
  An ooze (D:1)
  2 giant cockroaches
  A hobgoblin (D:1)
  3 kobolds
  3 bats
  2 frilled lizards
  3 goblins
  4 rats
19 creatures vanquished.

Notes
Turn   | Place    | Note
-------+----------+-------------------------------------------
     0 | D:1      | Delamore the Gargoyle Fighter began the quest for the Orb.
     0 | D:1      | Reached XP level 1. HP: 14/14 MP: 1/1
    94 | D:1      | Reached XP level 2. HP: 19/19 MP: 2/2
   940 | D:2      | Found a burning altar of Makhleb.
   955 | D:2      | Reached XP level 3. HP: 8/23 MP: 3/3
   955 | D:2      | Killed from afar by an orc priest

Illustrated notes

Levels and vault maps discovered:
D:1:      dpeg_arrival_ternary, layout_basic
D:2:      layout_loops_corners, old_standard_altar,
          nicolae_overflow_crystal_walls

Action                   || total
-------------------------++-------
Melee: Flail             ||    89
Throw: Boomerang         ||     2
Armor: Scale mail        ||    56
Dodge: Dodged            ||    35
Block: Kite shield       ||    50
